 Dungeon Crawl Stone Soup version 0.30.0-20-g3615ddf2f0 (webtiles) character file.

Game seed: 7967282519880876850

443 qw the Chopper (level 7, -5/44 HPs)
             Began as a Gargoyle Fighter on June 1, 2023.
             Slain by an ogre
             ... wielding a +0 giant club
              (7 damage)
             ... on level 5 of the Dungeon.
             The game lasted 00:01:47 (2954 turns).

qw the Chopper (Gargoyle Fighter)                   Turns: 2954, Time: 00:01:47

Health: -5/44      AC: 15    Str: 21    XL:     7   Next: 2%
Magic:  7/7        EV:  8    Int:  9    God:
Gold:   250        SH:  4    Dex:  9    Spells: 6/6 levels left

rFire   . . .        Y - +0 war axe
rCold   . . .        c - +0 buckler
rNeg    + . .        g - +0 chain mail
rPois   inf          l - +0 helmet
rElec   +            (no cloak)
rCorr   .            (no gloves)
SInv    .            (no boots)
Will    +....        (no amulet) Stlth
                     j - ring of willpower
HPRegen 0.27/turn    (no ring)
MPRegen 0.10/turn

%: no passive effects
@: about to teleport
A: sickness immunity, AC +4, negative energy resistance 1, electricity
resistance, torment resistance 1, petrification resistance
a: no special abilities


You were on level 5 of the Dungeon.
You visited 1 branch of the dungeon, and saw 5 of its levels.

You collected 250 gold pieces.


Innate Abilities, Weirdness & Mutations

You are immune to sickness and miasma.
Your stone body is resilient. (AC +4)
You are immune to poison.
You resist negative energy. (rN+)
You are resistant to electric shocks. (rElec)
You are resistant to unholy torment.
You are immune to petrification.


   Skills:
 - Level 4.9 Fighting
 + Level 5.5 Axes
 - Level 3.2 Armour
 - Level 1.3 Dodging
 - Level 3.2 Shields


You had 6 spell levels left.
You didn't know any spells.
Your spell library was empty.

Inventory:

Hand Weapons
 k - a +0 flail
 Y - a +0 war axe (weapon)
Armour
 c - a +0 buckler (worn)
 g - a +0 chain mail (worn)
 l - a +0 helmet (worn)
Jewellery
 j - a ring of willpower (left hand)
Scrolls
 a - 4 scrolls of identify
 h - a scroll of teleportation
Potions
 b - a potion of attraction {unknown}
 d - 2 potions of might
 f - 2 potions of lignification
 i - 2 potions of curing

Dungeon Overview and Level Annotations

Branches:
Dungeon (5/15)
 Temple: D:4-7

Altars:
Gozag


Message History

The orc wizard is heavily wounded.
The orc wizard barely misses you.
You slash the orc wizard!
You kill the orc wizard!
You have reached level 7!
b - a lumpy black potion
Things that are here:
a +0 dagger; a +0 robe You see here a wand of mindburst (9).
You open the door.
There is an open door here.
An orc comes into view. It is wielding a +0 hand axe.
The orc shouts!
An orc comes into view. It is wielding a +0 club.
Enter note: The orc shouts!
You hear a shout!
You hit the orc.
The orc is severely wounded.
An ogre comes into view. It is wielding a +0 giant club.
The orc barely misses you. The orc hits you with a +0 hand axe.
The orc hits you but does no damage.
You hit the orc but do no damage.
The orc is severely wounded.
You slash the orc!
You kill the orc!
The orc hits you but does no damage.
You slash the orc!
You kill the orc!
You hit the ogre.
The ogre is lightly wounded.
The ogre hits you with a +0 giant club!!
Ouch! That really hurt!
You barely miss the ogre.
The ogre is lightly wounded.
The ogre hits you with a +0 giant club!
2954 ||| READING 2 scrolls of teleportation.
As you read the scroll of teleportation, it crumbles to dust.
You feel strangely unstable. The ogre hits you with a +0 giant club!
You die...

#......#
#......'.....
+......#.....
#......#.....
#.....)#....#
+......#....#
#......#....# .
#......#..)O+ .
#......#...@#
.#####......###'##
............../..#
.................#
.................#
.................#
.................#
#'##.....>.......#
...#############..


You could see an ogre.

Vanquished Creatures
  A black bear (D:4)
  A scorpion (D:4)
  A hound (D:5)
  A jelly (D:5)
  2 orc wizards
  8 adders
  2 worms (D:3)
  5 dart slugs
  6 orcs
  11 endoplasms
  2 giant cockroaches (D:1)
  5 goblins
  9 hobgoblins
  2 jackals (D:3)
  13 kobolds
  2 quokkas
  10 ball pythons
  8 bats
  6 frilled lizards
  7 rats
102 creatures vanquished.

Notes
Turn   | Place    | Note
-------+----------+-------------------------------------------
     0 | D:1      | qw the Gargoyle Fighter began the quest for the Orb.
     0 | D:1      | Reached XP level 1. HP: 14/14 MP: 1/1
     0 | D:1      | 0 ||| qw: Version: 0.2-a-102-gfc559e5
     0 | D:1      | 0 ||| qw: Game counter: 643
     0 | D:1      | 0 ||| qw: Always use a shield: true
     0 | D:1      | 0 ||| qw: God list: Okawaru
     0 | D:1      | 0 ||| qw: Allow faded altars: false
     0 | D:1      | 0 ||| qw: Do Orc after D:15 true
     0 | D:1      | 0 ||| qw: Do second Lair branch before Depths: true
     0 | D:1      | 0 ||| qw: Lair rune preference: random
     0 | D:1      | 0 ||| qw: Plans: Normal, Zot:1-4, Slime:5, God:TSO, Crypt,
                  | Tomb, Pan, Hells, Abyss, Win
     0 | D:1      | 0 ||| PLANNING D:1-11
    45 | D:1      | Reached skill level 2 in Axes
    75 | D:1      | 75 ||| Stepping ~*~*~tactically~*~*~ (hiding).
    91 | D:1      | Reached XP level 2. HP: 19/19 MP: 2/2
   201 | D:1      | Reached skill level 3 in Axes
   229 | D:1      | 229 ||| Stepping ~*~*~tactically~*~*~ (stealth).
   235 | D:1      | Reached XP level 3. HP: 21/23 MP: 3/3
   422 | D:1      | 422 ||| FLEEEEING.
   423 | D:1      | 423 ||| FLEEEEING.
   499 | D:1      | Found a faded altar of an unknown god.
   553 | D:1      | 553 ||| UPGRADING to +0 helmet.
   558 | D:1      | 558 ||| READING 3 scrolls labelled HULARCH NALA.
   559 | D:1      | 559 ||| READING scroll labelled AJYWAPT HADGHI.
   560 | D:1      | 560 ||| READING 2 scrolls of identify.
   560 | D:1      | 560 ||| IDENTIFYING sedimented coppery potion
   656 | D:2      | Reached XP level 4. HP: 22/28 MP: 4/4
   732 | D:2      | Reached skill level 4 in Axes
   743 | D:2      | Found an opulent altar of Gozag.
   807 | D:2      | 807 ||| Stepping ~*~*~tactically~*~*~ (stealth).
   971 | D:2      | 971 ||| Stepping ~*~*~tactically~*~*~ (stealth).
   975 | D:2      | 975 ||| Stepping ~*~*~tactically~*~*~ (hiding).
  1309 | D:2      | 1309 ||| Stepping ~*~*~tactically~*~*~ (hiding).
  1427 | D:2      | 1427 ||| UPGRADING to ring of willpower.
  1428 | D:2      | 1428 ||| DROPPING ring of flight.
  1429 | D:2      | 1429 ||| READING 2 scrolls labelled EZIDOU VUUSM.
  1434 | D:2      | 1434 ||| READING scroll labelled WOCYSI YQATEUKKYST.
  1435 | D:2      | 1435 ||| READING 2 scrolls labelled RECIVE YBBEGRE.
  1436 | D:2      | 1436 ||| READING scroll labelled KECUAT UGEIN MIOPT.
  1537 | D:2      | 1537 ||| DROPPING scroll of vulnerability.
  1745 | D:3      | 1745 ||| Stepping ~*~*~tactically~*~*~ (stealth).
  1796 | D:3      | Reached XP level 5. HP: 31/32 MP: 5/5
  1817 | D:3      | 1817 ||| Stepping ~*~*~tactically~*~*~ (stealth).
  1818 | D:3      | 1818 ||| Stepping ~*~*~tactically~*~*~ (stealth).
  1821 | D:3      | 1821 ||| Stepping ~*~*~tactically~*~*~ (stealth).
  1822 | D:3      | 1822 ||| Stepping ~*~*~tactically~*~*~ (stealth).
  2104 | D:3      | 2104 ||| READING scroll labelled FAYG OCLEU.
  2105 | D:3      | 2105 ||| READING scroll labelled QECHUGUEMIDD.
  2106 | D:3      | 2106 ||| READING scroll labelled WEXYUPLEERA.
  2107 | D:3      | 2107 ||| DRINKING 2 glowing puce potions.
  2113 | D:3      | 2113 ||| DRINKING 3 coppery potions.
  2114 | D:3      | 2114 ||| READING 5 scrolls of identify.
  2114 | D:3      | 2114 ||| IDENTIFYING inky potion
  2115 | D:3      | 2115 ||| DROPPING potion of ambrosia.
  2249 | D:4      | 2249 ||| Stepping ~*~*~tactically~*~*~ (stealth).
  2361 | D:4      | 2361 ||| Stepping ~*~*~tactically~*~*~ (stealth).
  2363 | D:4      | 2363 ||| Stepping ~*~*~tactically~*~*~ (stealth).
  2371 | D:4      | Reached skill level 5 in Axes
  2381 | D:4      | Noticed a black bear
  2404 | D:4      | Killed a black bear
  2405 | D:4      | Reached XP level 6. HP: 13/40 MP: 6/6
  2409 | D:4      | HP: 5/40 [scorpion (6)]
  2410 | D:4      | 2410 ||| READING scroll of teleportation.
  2411 | D:4      | 2411 ||| DRINKING potion of heal wounds.
  2415 | D:4      | Reached skill level 1 in Dodging
  2521 | D:4      | 2521 ||| DROPPING +0 whip.
  2748 | D:4      | 2748 ||| UPGRADING to +0 chain mail.
  2758 | D:4      | 2758 ||| DROPPING +0 scale mail.
  2759 | D:4      | 2759 ||| DROPPING +6 ring of intelligence.
  2776 | D:5      | Entered Level 5 of the Dungeon
  2927 | D:5      | Reached XP level 7. HP: 44/44 MP: 7/7
  2953 | D:5      | HP: 2/44 [ogre/+0 giant club (15)]
  2954 | D:5      | 2954 ||| READING 2 scrolls of teleportation.
  2954 | D:5      | Slain by an ogre

Levels and vault maps discovered:
D:1:      onia_arrival_mini_spirals, layout_rooms, ebering_ecumenical_altar_webs
D:2:      layout_loops_ring, basic_altar, chequers_serial_rivers_marsh
D:3:      layout_basic
D:4:      layout_basic, minmay_misc_feat_plants
D:5:      layout_gridville, minmay_temple_entry_gardened_gates,
          ebering_ghost_sewer_d, nrook_uturn

Skill      XL: |  1  2  3  4  5  6 |
---------------+-------------------+-----
Axes           | 2 3 4 5 |  5.5
Fighting       | 4 |  4.9
Dodging        | 1 |  1.3
Armour         | |  3.2
Shields        | |  3.2

Action                     |  1- 3 |  4- 6 |  7- 9 || total
---------------------------+-------+-------+-------++-------
  Melee: War axe           |   101 |   185 |     5 ||   291
    Use: Scroll            |     3 |     9 |     1 ||    13
         Potion            |       |     3 |       ||     3
 Armour: Scale mail        |    43 |   111 |       ||   154
         Chain mail        |       |     7 |     2 ||     9
  Dodge: Dodged            |    40 |    77 |     1 ||   118
  Block: Buckler           |    23 |    26 |       ||    49

Table legend:
 A = Non-vault XP
 B = Vault XP
 C = Vault XP percentage of total XP
 D = Non-vault monster count
 E = Vault monster count
 F = Vault count percentage of total count
                 A         B        C        D         E       F
            +---------+---------+-------+---------+---------+-------
      Total |     633 |       0 |   0.0 |     102 |       0 |   0.0
            +---------+---------+-------+---------+---------+-------
        D:1 |      62 |       0 |   0.0 |      36 |       0 |   0.0
        D:2 |      61 |       0 |   0.0 |      21 |       0 |   0.0
        D:3 |      93 |       0 |   0.0 |      24 |       0 |   0.0
        D:4 |     292 |       0 |   0.0 |      16 |       0 |   0.0
        D:5 |     125 |       0 |   0.0 |       5 |       0 |   0.0
            +---------+---------+-------+---------+---------+-------
